 Dungeon Crawl Stone Soup version 0.30-a0-634-g8abc85282e (webtiles) character file.

Game seed: 11370208325054995659

4556 Persephone the Basher (level 10, -2/72 HPs)
             Began as a Demonspawn Berserker on Jan 14, 2023.
             Was a Priest of Trog.
             Slain by a two-headed ogre
             ... wielding a +0 giant club
              (16 damage)
             ... on level 7 of the Dungeon.
             The game lasted 00:17:20 (6382 turns).

Persephone the Basher (Demonspawn Berserker)        Turns: 6382, Time: 00:17:21

Health: -2/72      AC: 17    Str: 21    XL:     10   Next: 18%
Magic:  0/10       EV:  8    Int:  9    God:    Trog [***...]
Gold:   136        SH:  0    Dex: 13    Spells: 9/9 levels left

rFire   . . .      SeeInvis +    j - +6 club (heavy)
rCold   . . .      Faith    .    (no shield)
rNeg    . . .      Spirit   +    G - +1 chain mail "Fesm" {rPois}
rPois   +          Reflect  .    (helmet unavailable)
rElec   .          Harm     .    p - +1 cloak
rCorr   .          Rampage  .    (no gloves)
Will    .....                    n - +0 pair of boots Stlth
                                 d - amulet of guardian spirit
HPRegen 0.32/turn                v - +4 ring of protection
MPRegen 0.12/turn                (no ring)

@: no status effects
A: antennae 3, rugged brown scales 1, demonic guardian 3, foul stench 1
a: Renounce Religion, Berserk, Trog's Hand


You were on level 7 of the Dungeon.
You worshipped Trog.
Trog was most pleased with you.
You visited 1 branch of the dungeon, and saw 7 of its levels.

You collected 392 gold pieces.
You spent 256 gold pieces at shops.

Inventory:

Hand Weapons
 a - a +1 mace
 j - a +6 heavy club (weapon)
 B - a +2 antimagic demon whip
 D - a +2 whip of freezing
Missiles
 E - a throwing net (quivered)
Armour
 b - a +0 animal skin
 m - a +0 ring mail
 n - a +0 pair of boots (worn)
 p - a +1 cloak (worn)
 G - the +1 chain mail "Fesm" (worn) {rPois}
   (You bought it in a shop on level 7 of the Dungeon)

   rPois:     It protects you from poison.
Jewellery
 d - an amulet of guardian spirit (around neck)
 v - a +4 ring of protection (left hand)
 y - a ring of fire
Wands
 f - a wand of digging (6)
 A - a wand of flame (22)
Scrolls
 i - a scroll of butterflies
 l - 2 scrolls of enchant weapon
 q - a scroll of amnesia
 r - a scroll of poison
 s - a scroll of magic mapping
 u - a scroll of teleportation
 w - a scroll of silence
 F - a scroll of identify
Potions
 c - 2 potions of might
 e - a potion of invisibility
 g - a potion of brilliance
 h - 3 potions of haste
 k - 4 potions of degeneration
 o - a potion of attraction {unknown}
 t - 2 potions of heal wounds
 x - a potion of cancellation {unknown}
 z - a potion of berserk rage {unknown}
 C - a potion of lignification {unknown}


   Skills:
 - Level 3.0 Fighting
 + Level 13.8 Maces & Flails
 - Level 1.7 Armour
 - Level 1.7 Dodging


You had 9 spell levels left.
You didn't know any spells.
Your spell library was empty.

Dungeon Overview and Level Annotations

Branches:
Dungeon (7/15)             Temple (0/1) D:6

Altars:
Kikubaaqudgha
Makhleb

Shops:
D:2 [   D:6 (   D:7 *!


Innate Abilities, Weirdness & Mutations

You have a pair of large antennae on your head. (SInv)
You are partially covered in rugged brown scales. (AC +1, +3% HP)
A powerful demonic guardian rushes to your aid.
You may rarely emit foul miasma when damaged in melee.


Message History

Key pressed, stopping explore.
Key pressed, stopping explore.
Key pressed, stopping explore.
Found a book of Conjurations.
You see here a book of Conjurations.
A two-headed ogre comes into view. It is wielding two +0 giant clubs.
Found a robe.
The two-headed ogre shouts in stereo!
The two-headed ogre moves out of view.
A two-headed ogre is nearby!
A two-headed ogre is nearby!
A two-headed ogre is nearby!
The two-headed ogre hits you with a +0 giant club!!
You emit a cloud of foul miasma!
The two-headed ogre hits you with a +0 giant club!
You are too injured to fight recklessly!
You hit the two-headed ogre but do no damage.
The two-headed ogre is engulfed in dark miasma.
The two-headed ogre is poisoned.
The two-headed ogre hits you with a +0 giant club.
The two-headed ogre hits you but does no damage.
You sock the two-headed ogre!
The two-headed ogre is moderately wounded.
You completely miss the two-headed ogre.
The two-headed ogre is moderately wounded.
The two-headed ogre is engulfed in dark miasma.
The two-headed ogre looks even sicker.
The two-headed ogre hits you with a +0 giant club!!
A demonic guardian appears!
The two-headed ogre hits you with a +0 giant club!
You closely miss the two-headed ogre.
The two-headed ogre is moderately wounded.
You hit the two-headed ogre.
The two-headed ogre is heavily wounded.
The two-headed ogre is engulfed in dark miasma.
The two-headed ogre looks even sicker.
The two-headed ogre hits you with a +0 giant club!
* * * LOW HITPOINT WARNING * * *
The two-headed ogre hits you with a +0 giant club!!
You die...

.............#..... ......
.#.......#..###..#.......#.
###.....###.....###.....##
##..###..#....(..#..###..
.....#...............#..
#.........#.....#.......
#.........##:..##.......
#.........#.....#.......
.....#..........@O3..#
##..###..#.......#..##
###.....###.....## ....
##.......#..###.. ....
............ .... ...
###.....#... .....# .. #
##..^##[.. .....# # #
##..##. .......# # .##


You could see a two-headed ogre (very poisoned, ally target) and a friendly
sixfirhy (summoned).

Vanquished Creatures
  A two-headed ogre (D:6)
  Pikel (D:5)
  Maggie (D:7)
  Prince Ribbit (D:7)
  Eustachio (D:6)
  3 water moccasins
  A black bear (D:4)
  An orc warrior (D:7)
  5 ogres
  A lemure (D:5)
  Blork the orc (D:4)
  4 necrophages
  A bullfrog (D:6)
  7 scorpions
  4 wights (D:7)
  A howler monkey (D:5)
  3 hounds
  3 orc priests
  A gnoll bouda (D:7)
  2 iguanas (D:4)
  6 orc wizards
  Robin (D:2)
  7 adders
  10 gnolls
  A white imp (D:5)
  2 dart slugs
  10 orcs
  2 bats (D:1)
  9 endoplasms
  4 giant cockroaches
  11 goblins
  9 hobgoblins
  7 jackals
  9 kobolds
  12 ball pythons
  2 frilled lizards (D:3)
  10 rats
155 creatures vanquished.

Vanquished Creatures (collateral kills)
  An orc warrior (D:7)
  A centaur (D:6)
  2 hounds (D:5)
  A gnoll bouda (D:5)
  An adder (D:6)
  2 gnolls (D:5)
  A worm (D:2)
  3 orcs (D:7)
  A goblin (D:2)
  2 jackals (D:2)
15 creatures vanquished.

Grand Total: 170 creatures vanquished

Notes
Turn   | Place    | Note
-------+----------+-------------------------------------------
     0 | D:1      | Persephone the Demonspawn Berserker began the quest for the
                  | Orb.
     0 | D:1      | Reached XP level 1. HP: 18/18 MP: 1/1
   148 | D:1      | Reached skill level 3 in Maces & Flails
   239 | D:1      | Gained mutation: A weak demonic guardian rushes to your
                  | aid. [demonic ancestry]
   239 | D:1      | Reached XP level 2. HP: 24/24 MP: 2/2
   373 | D:1      | You fall into a shaft and drop 1 floor!
   449 | D:2      | Noticed Robin
   463 | D:2      | Killed Robin
   464 | D:2      | Reached skill level 4 in Maces & Flails
   464 | D:2      | Gained mutation: You have a pair of small antennae on your
                  | head. [demonic ancestry]
   464 | D:2      | Reached XP level 3. HP: 17/29 MP: 1/3
   652 | D:2      | Reached ** piety under Trog
   812 | D:2      | Reached XP level 4. HP: 35/35 MP: 4/4
  1216 | D:2      | Found Ejinizxilo's Antique Armour Emporium.
  1962 | D:3      | Noticed an ogre
  1976 | D:3      | Killed an ogre
  1977 | D:3      | Reached skill level 5 in Maces & Flails
  1977 | D:3      | Gained mutation: You have a pair of antennae on your head.
                  | [demonic ancestry]
  1977 | D:3      | Reached XP level 5. HP: 41/41 MP: 3/5
  1996 | D:3      | Found a faded altar of an unknown god.
  2489 | D:4      | Found a burning altar of Makhleb.
  2560 | D:4      | Reached skill level 6 in Maces & Flails
  2560 | D:4      | Gained mutation: You have a pair of large antennae on your
                  | head. (SInv) [demonic ancestry]
  2560 | D:4      | Reached XP level 6. HP: 36/47 MP: 3/6
  2610 | D:4      | Reached *** piety under Trog
  3043 | D:4      | Reached skill level 7 in Maces & Flails
  3097 | D:4      | Gained mutation: A demonic guardian rushes to your aid.
                  | [demonic ancestry]
  3097 | D:4      | Reached XP level 7. HP: 52/52 MP: 2/7
  3261 | D:4      | Identified the +10 trident of Pandemonium {freeze, Stlth+}
  3292 | D:4      | Reached skill level 8 in Maces & Flails
  3663 | D:5      | Entered Level 5 of the Dungeon
  4106 | D:5      | Reached skill level 9 in Maces & Flails
  4106 | D:5      | Gained mutation: You are partially covered in rugged brown
                  | scales. (AC +1, +3% HP) [demonic ancestry]
  4106 | D:5      | Reached XP level 8. HP: 34/59 MP: 5/8
  4262 | D:5      | Noticed Blork the orc
  4283 | D:4      | Killed Blork the orc
  4375 | D:5      | Noticed Pikel
  4391 | D:5      | Killed Pikel
  4392 | D:5      | Reached skill level 10 in Maces & Flails
  4824 | D:6      | Noticed a two-headed ogre
  4829 | D:6      | Noticed Eustachio
  4837 | D:6      | Killed a two-headed ogre
  4838 | D:6      | Reached skill level 11 in Maces & Flails
  4838 | D:6      | Gained mutation: A powerful demonic guardian rushes to your
                  | aid. [demonic ancestry]
  4838 | D:6      | Reached XP level 9. HP: 30/64 MP: 3/9
  4851 | D:6      | Killed Eustachio
  5102 | D:6      | Reached skill level 12 in Maces & Flails
  5325 | D:6      | Found Plog's Firing Range.
  5406 | D:6      | Found a staircase to the Ecumenical Temple.
  5641 | D:6      | Found an ancient bone altar of Kikubaaqudgha.
  5824 | D:6      | Identified a scroll of acquirement
  5824 | D:6      | Acquired a +2 antimagic demon whip
  5846 | D:7      | Reached skill level 13 in Maces & Flails
  6008 | D:7      | Noticed Prince Ribbit
  6017 | D:7      | Noticed Maggie
  6037 | D:7      | Killed Maggie
  6038 | D:7      | Gained mutation: You may rarely emit foul miasma when
                  | damaged in melee. [demonic ancestry]
  6038 | D:7      | Reached XP level 10. HP: 72/72 MP: 7/10
  6040 | D:7      | Killed Prince Ribbit
  6236 | D:7      | Found Dinty's Distillery.
  6241 | D:7      | Found Tiymuom's Assorted Antiques.
  6250 | D:7      | Bought a brightly glowing chain mail for 256 gold pieces
  6250 | D:7      | Identified the +1 chain mail "Fesm" {rPois} (You bought it
                  | in a shop on level 7 of the Dungeon)
  6374 | D:7      | Noticed a two-headed ogre
  6382 | D:7      | Slain by a two-headed ogre

Illustrated notes

Levels and vault maps discovered:
D:1:      eino_arrival_water_star, layout_basic, serial_forest,
          infiniplex_forest_clump_tiny, infiniplex_forest_clump_double,
          infiniplex_forest_lined_2, infiniplex_forest_side_room,
          infiniplex_forest_straight_2, infiniplex_forest_clump_medium,
          minmay_tall_x
D:2:      layout_basic, serial_shops, shop_fountains, minmay_ruptured,
          uniq_robin
D:3:      layout_basic, nicolae_ecumenical_lake_church, minmay_statues_item
D:4:      minmay_bubble_buster, layout_rooms, lemuel_tele_altar
D:5:      layout_loops_ring, uniq_blork_the_orc, uniq_pikel
D:6:      layout_basic, mainiacjoe_overflow_catwalk_spiral,
          minmay_temple_entry_drinking_statues, nicolae_shop_firing_range,
          uniq_eustachio
D:7:      nicolae_cairo_tiling_large_dashed, layout_loops_ring, serial_shops,
          shop, shop_statue, shop, corexii_corridor_pit, uniq_prince_ribbit1,
          uniq_maggie

Skill      XL: |  1  2  3  4  5  6  7  8  9 |
---------------+----------------------------+-----
Maces & Flails | 3 4 5 6 7 9 11 13 | 13.8
Fighting       | |  3.0
Armour         | |  1.7
Dodging        | |  1.7

Action                   |  1- 3 |  4- 6 |  7- 9 | 10-12 || total
-------------------------+-------+-------+-------+-------++-------
Melee: Mace              |    79 |   209 |    73 |       ||   361
       Punch             |     1 |     1 |     3 |     1 ||     6
       Club              |       |       |   233 |    43 ||   276
Invok: Berserk           |     2 |     3 |     7 |     1 ||    13
       Trog's Hand       |       |       |     7 |     2 ||     9
  Use: Scroll            |       |       |    18 |       ||    18
Armor: Animal skin       |     6 |       |       |       ||     6
       Ring mail         |     7 |    97 |   112 |    29 ||   245
       Chain mail        |       |       |       |     4 ||     4
Dodge: Dodged            |    61 |   154 |   193 |    32 ||   440

Table legend: (Time is in decaauts)
 A = Elapsed time spent in this place.
 B = Non-inter-level travel time spent in this place.
 C = Inter-level travel time spent in this place.
 D = Time resting spent in this place.
 E = Time spent auto-exploring this place.
 F = Levels seen in this place.
 G = Mean time per level.
                   A        B        C        D        E       F      G
               +--------+--------+--------+--------+--------+-----+--------+
         Total |   6485 |   6022 |    463 |      0 |   4587 |   7 |  926.4 |
       Dungeon |   6485 |   6022 |    463 |      0 |   4587 |   7 |  926.4 |
               +--------+--------+--------+--------+--------+-----+--------+

Top non-repeatable levels by time:
     D:4: 1069 daAuts
     D:2: 1028 daAuts
     D:6: 1020 daAuts
     D:1: 981 daAuts
     D:5: 919 daAuts
     D:3: 894 daAuts
     D:7: 572 daAuts
